[Event "Titled Tuesday Blitz November 22 Early 2022"]
[White "Tabatabaei, M. Amin"]
[Black "Kukreja, Sankalp"]
[WhiteFideId "12521213"]
[BlackFideId "45027676"]
[WhiteElo "2557"]
[BlackElo "2154"]
[Result "1-0"]
[Round "01"]
[TimeControl "180+1"]
[Date "2022.11.22"]
[WhiteClock "0:00:42"]
[BlackClock "0:01:13"]

1. Nf3 d5 2. d4 Nf6 3. c3 c6 4. Qc2 Bg4 5. Ne5 Bh5 6. Qf5 e6 7. Qh3 Nbd7 8. g4 Bg6 9. Nxg6 fxg6 10. g5 Ne4 11. Qxe6+ Be7 12. h4 Nf8 13. Qg4 Qd7 14. Bh3 Qxg4 15. Bxg4 h6 16. f3 Nd6 17. Rg1 Kf7 18. Na3 Nf5 19. h5 hxg5 20. hxg6+ Kxg6 21. e4 dxe4 22. fxe4 Nh4 23. Nc2 Re8 24. Bd2 Nh7 25. e5 c5 26. O-O-O cxd4 27. cxd4 Rd8 28. Bc3 Rhf8 29. d5 Bc5 30. Rge1 Ng2 31. Rh1 Nf4 32. d6 Rfe8 33. Kb1 Nf8 34. Rh8 N8e6 35. Rxe8 Rxe8 36. Nb4 Kf7 37. Nd3 Nxd3 38. Rxd3 Nf4 39. Rd1 b5 40. b4 Bb6 41. Kb2 Rd8 42. Kb3 Re8 43. a4 a6 44. axb5 axb5 45. Ra1 Kg6 46. Ra6 Ra8 47. Rxa8 1-0


[Site "https://www.chess.com"]

[Event "Titled Tuesday Blitz November 22 Early 2022"]
[White "Talibov, Shiroghlan"]
[Black "Hoffmann, Asa"]
[WhiteFideId "13429078"]
[BlackFideId "2001470"]
[WhiteElo "2261"]
[BlackElo "2117"]
[Result "1-0"]
[Round "01"]
[TimeControl "180+1"]
[Date "2022.11.23"]
[WhiteClock "0:00:11"]
[BlackClock "0:00:09"]

1. d4 Nf6 2. c4 c5 3. d5 e5 4. Nc3 d6 5. e4 Be7 6. Be2 Nbd7 7. Be3 Nf8 8. h3 Ng6 9. Nf3 O-O 10. Qd2 Ne8 11. g4 a6 12. h4 h6 13. h5 Nf4 14. Bxf4 exf4 15. Qxf4 Bd7 16. a4 Rb8 17. O-O Qc8 18. Nh2 Bg5 19. Qg3 Bf6 20. f4 Bd4+ 21. Kh1 Nf6 22. Bf3 Re8 23. Rae1 b5 24. axb5 axb5 25. e5 dxe5 26. fxe5 Nh7 27. Nxb5 Bxb5 28. cxb5 Rxb5 29. d6 Ng5 30. Bd5 Ne6 31. Qf3 Rf8 32. Re2 Qb8 33. b3 Ng5 34. Qg3 Rb4 35. Nf3 Qd8 36. Nh4 Ne6 37. Nf5 Qg5 38. Ne7+ Kh8 39. Bxe6 f6 40. Ng6+ Kh7 41. Nxf8+ Kh8 42. Ng6+ Kh7 43. d7 Rb8 44. exf6 Bxf6 45. Qxb8 1-0


[Site "https://www.chess.com"]

[Event "Titled Tuesday Blitz November 22 Early 2022"]
[White "Tanenbaum, Zachary"]
[Black "Sahil, Tickoo"]
[WhiteFideId "2060850"]
[BlackFideId "5019710"]
[WhiteElo "2175"]
[BlackElo "2086"]
[Result "1-0"]
[Round "01"]
[TimeControl "180+1"]
[Date "2022.11.23"]
[WhiteClock "0:00:27"]
[BlackClock "0:00:19"]

1. e4 c5 2. Nf3 d6 3. d4 cxd4 4. Nxd4 Nf6 5. Nc3 a6 6. Be3 e5 7. Nb3 Be7 8. h3 Be6 9. Qf3 O-O 10. O-O-O Qc8 11. g4 a5 12. Bb5 Na6 13. g5 Nd7 14. Kb1 Nc7 15. Ba4 b5 16. Nxb5 Nxb5 17. Bxb5 a4 18. Nc1 a3 19. b3 Qc3 20. Nd3 Rab8 21. Bd2 Qd4 22. c3 Qb6 23. c4 Rfc8 24. Be3 Qa5 25. Rc1 Qa8 26. Nb4 Nc5 27. Nd5 Bxd5 28. exd5 Qb7 29. Rhd1 Bd8 30. h4 Bb6 31. h5 Nd7 32. Bc6 Qc7 33. Bxb6 Rxb6 34. g6 Nf6 35. gxf7+ Qxf7 36. Qf5 Rf8 37. h6 Qg6 38. Qxg6 hxg6 39. hxg7 Kxg7 40. c5 dxc5 41. Rxc5 Rf7 42. d6 Nd7 43. Bxd7 Rxd7 44. Rc7 Rxc7 45. dxc7 Rc6 46. Rc1 1-0


[Site "https://www.chess.com"]

[Event "Titled Tuesday Blitz November 22 Early 2022"]
[White "Thorhallsson, Simon"]
[Black "Ivic, Velimir"]
[WhiteFideId "2310090"]
[BlackFideId "950122"]
[WhiteElo "2109"]
[BlackElo "2625"]
[Result "0-1"]
[Round "01"]
[TimeControl "180+1"]
[Date "2022.11.23"]
[WhiteClock "0:00:07"]
[BlackClock "0:01:23"]

1. e4 c5 2. Nc3 e6 3. Nge2 Nc6 4. g3 Nf6 5. Bg2 d6 6. O-O Be7 7. f4 O-O 8. h3 a6 9. a4 Qc7 10. d3 Rb8 11. g4 b5 12. axb5 axb5 13. Ng3 Nd4 14. Nce2 b4 15. f5 Nd7 16. g5 d5 17. f6 Nxe2+ 18. Qxe2 gxf6 19. gxf6 Bxf6 20. Nh5 Bd4+ 21. Kh1 Kh8 22. Bh6 Bb7 23. exd5 Rg8 24. Rxf7 Rxg2 25. Kxg2 Bxd5+ 26. Kf1 Rg8 27. Bf4 Rg1# 0-1


[Site "https://www.chess.com"]

[Event "Titled Tuesday Blitz November 22 Early 2022"]
[White "Timofeev, Artyom"]
[Black "Rangel, Daniel"]
[WhiteFideId "4140419"]
[BlackFideId "2124475"]
[WhiteElo "2586"]
[BlackElo "2225"]
[Result "1-0"]
[Round "01"]
[TimeControl "180+1"]
[Date "2022.11.23"]
[WhiteClock "0:01:08"]
[BlackClock "0:00:25"]

1. d4 Nf6 2. Bf4 g6 3. Nc3 Bg7 4. e4 d5 5. e5 Ne4 6. Bd3 c5 7. Bxe4 dxe4 8. d5 O-O 9. Nxe4 Nd7 10. Nf3 Qb6 11. O-O Qxb2 12. Qd2 Nxe5 13. Bxe5 Bxe5 14. Rab1 Qxa2 15. Nxe5 Bf5 16. Rfe1 Rad8 17. Rbd1 b6 18. g4 Bxe4 19. Rxe4 Rd6 20. g5 e6 21. c4 exd5 22. Qxa2 1-0


[Site "https://www.chess.com"]

[Event "Titled Tuesday Blitz November 22 Early 2022"]
[White "Topalov, Aleksandar"]
[Black "Odinaev, Timur"]
[WhiteFideId "925659"]
[BlackFideId "4163770"]
[WhiteElo "2179"]
[BlackElo "2306"]
[Result "0-1"]
[Round "01"]
[TimeControl "180+1"]
[Date "2022.11.23"]
[WhiteClock "0:01:57"]
[BlackClock "0:01:22"]

1. b3 e5 2. Bb2 Nc6 3. c4 Nf6 4. e3 a5 5. a3 d6 6. Nf3 Be7 7. d4 e4 8. d5 exf3 9. dxc6 fxg2 10. Bxg2 bxc6 11. Bxc6+ Bd7 12. Bf3 Rb8 13. Rg1 O-O 14. Nd2 g6 15. Qc2 c6 16. Qc3 d5 17. h4 Be6 18. h5 c5 19. hxg6 fxg6 20. cxd5 Bxd5 21. Ne4 Rxb3 22. Nxf6+ Bxf6 23. Bxd5+ Qxd5 24. Qc2 Rxb2 25. Rxg6+ hxg6 26. Qxg6+ Bg7 0-1


[Site "https://www.chess.com"]

[Event "Titled Tuesday Blitz November 22 Early 2022"]
[White "Torres Dominguez, David"]
[Black "Fecker, Noah"]
[WhiteFideId "2220857"]
[BlackFideId "1334263"]
[WhiteElo "2037"]
[BlackElo "2291"]
[Result "0-1"]
[Round "01"]
[TimeControl "180+1"]
[Date "2022.11.23"]
[WhiteClock "0:00:01"]
[BlackClock "0:00:30"]

1. e4 c5 2. Nf3 Nc6 3. d4 cxd4 4. Nxd4 Nf6 5. Nxc6 bxc6 6. Bd3 d5 7. Nd2 e5 8. O-O Bd6 9. Re1 O-O 10. Qe2 Re8 11. c4 Bg4 12. Qf1 Bc5 13. h3 Bh5 14. cxd5 cxd5 15. Nb3 Bb6 16. exd5 Qxd5 17. Bc4 Qd7 18. Be3 Rec8 19. Rac1 Qb7 20. Qd3 Bg6 21. Qe2 a5 22. Bxb6 Qxb6 23. Qxe5 a4 24. Nd2 Nd7 25. Qf4 Qxb2 26. Ne4 Qe5 27. Qxe5 Nxe5 28. Bd5 Rxc1 29. Rxc1 Rd8 30. Ng3 h5 31. Be4 h4 32. Bxg6 hxg3 33. Bc2 gxf2+ 34. Kxf2 Rd2+ 35. Kg1 a3 36. Bb3 Kh7 37. Rc5 Nd3 38. Ra5 Nf4 39. Rxa3 Rxg2+ 40. Kh1 f6 41. Ra4 Rf2 42. Kg1 Nxh3+ 43. Kh1 Ng5 44. Rh4+ Kg6 45. Rg4 Kf5 46. Rg2 Rf1+ 47. Rg1 Rf2 48. Rg2 Rf3 49. Bc2+ Kf4 50. Rd2 Kg3 51. Rd3 Rxd3 52. Bxd3 Ne6 53. a4 Nc5 54. Bc2 Nb7 0-1


[Site "https://www.chess.com"]

[Event "Titled Tuesday Blitz November 22 Early 2022"]
[White "Unat, Can Haktan"]
[Black "Ajay, Karthikeyan"]
[WhiteFideId "6398073"]
[BlackFideId "35011685"]
[WhiteElo "2146"]
[BlackElo "2337"]
[Result "0-1"]
[Round "01"]
[TimeControl "180+1"]
[Date "2022.11.23"]
[WhiteClock "0:02:30"]
[BlackClock "0:01:47"]

1. e4 e5 2. Nc3 Nf6 3. g3 Nc6 4. Bg2 Bc5 5. d3 d6 6. Nge2 h5 7. h3 h4 8. g4 a6 9. Bg5 Bxf2+ 10. Kf1 Ba7 11. Nd5 Nxd5 12. Bxd8 Ne3+ 13. Ke1 Nxd1 14. Bxc7 Ne3 15. Bf3 Nxc2+ 16. Kd2 Nxa1 17. Bxd6 Be6 18. Rxa1 O-O-O 19. Ba3 Rd7 20. Nc3 Rhd8 21. Nd5 Bxd5 22. exd5 Rxd5 23. Be4 f6 24. Bxd5 Rxd5 25. Re1 Nd4 26. Rf1 Kd7 27. b3 Bc5 28. Bb2 Bb4+ 29. Ke3 Nc2+ 30. Ke4 Rd6 31. Rc1 Nd4 32. a3 Ba5 33. b4 Bb6 34. g5 Ke6 35. gxf6 gxf6 36. Rd1 f5+ 37. Ke3 Rc6 38. Bxd4 Bxd4+ 39. Kd2 Rc3 40. a4 Ra3 41. a5 Ra2+ 42. Ke1 Rb2 43. Rc1 Rxb4 44. Rc8 Rb5 45. Re8+ Kd5 46. Rd8+ Kc5 47. Rc8+ Kb4 48. Rc4+ Kb3 49. Rc7 f4 50. Ke2 Rxa5 51. Rxb7+ Rb5 52. Rh7 a5 53. Rxh4 a4 54. Rh7 a3 55. Ra7 Bxa7 0-1


[Site "https://www.chess.com"]

[Event "Titled Tuesday Blitz November 22 Early 2022"]
[White "Vagman, Roy"]
[Black "Jobava, Baadur"]
[WhiteFideId "2828995"]
[BlackFideId "13601520"]
[WhiteElo "2174"]
[BlackElo "2582"]
[Result "0-1"]
[Round "01"]
[TimeControl "180+1"]
[Date "2022.11.22"]
[WhiteClock "0:00:01"]
[BlackClock "0:00:59"]

1. e4 c6 2. Nf3 d5 3. Nc3 Bg4 4. h3 Bxf3 5. Qxf3 e6 6. d3 Nd7 7. Be2 g6 8. O-O h5 9. Qg3 Bh6 10. Bxh6 Nxh6 11. Bf3 Qb8 12. Qh4 Kf8 13. Rfe1 Kg7 14. d4 Qd6 15. e5 Qb4 16. Ne2 Nxe5 17. Bxh5 gxh5 18. Nf4 Ng6 19. Nxh5+ Kh7 20. Nf6+ Kg7 21. Nh5+ Kg8 22. Qf6 Nf5 23. g4 Qe7 24. gxf5 Rxh5 25. Qxe7 Nxe7 26. fxe6 Rxh3 27. exf7+ Kxf7 28. Kg2 Rh6 29. Kf3 Re8 30. c3 Rf6+ 31. Ke2 Nf5+ 32. Kd2 Rxe1 33. Rxe1 Nd6 34. Re2 Ne4+ 35. Ke3 Re6 36. Kd3 Nd6 37. Rd2 Rf6 38. b3 Rf3+ 39. Kc2 Ne4 0-1


[Site "https://www.chess.com"]

[Event "Titled Tuesday Blitz November 22 Early 2022"]
[White "Vaishali, Rameshbabu"]
[Black "Goldin, Roman"]
[WhiteFideId "5091756"]
[BlackFideId "2803860"]
[WhiteElo "2351"]
[BlackElo "2312"]
[Result "1-0"]
[Round "01"]
[TimeControl "180+1"]
[Date "2022.11.23"]
[WhiteClock "0:00:02"]
[BlackClock "0:00:05"]

1. d4 Nf6 2. c4 Nc6 3. Nf3 d6 4. d5 Ne5 5. Nc3 Nxf3+ 6. gxf3 g6 7. b3 Bg7 8. Bb2 O-O 9. Qd2 e5 10. dxe6 Bxe6 11. h4 Nh5 12. O-O-O Re8 13. f4 a5 14. e3 a4 15. Nxa4 Bxb2+ 16. Kxb2 Rxa4 17. bxa4 Qd7 18. Qc3 Ra8 19. Be2 Ng7 20. h5 Qxa4 21. Qb3 Qa5 22. hxg6 hxg6 23. Bd3 b5 24. Qxb5 Qxa2+ 25. Kc1 Qa1+ 26. Kd2 Qa2+ 27. Ke1 Bg4 28. Rb1 Bf3 29. Rh3 Bg4 30. Rg3 Be6 31. Qb3 Qa5+ 32. Kf1 Qh5 33. Kg1 Nf5 34. Bxf5 Bxf5 35. Rf1 Be4 36. f3 Bf5 37. Qb2 Bd3 38. Rf2 Bxc4 39. Rh2 Qf5 40. Qh8# 1-0


[Site "https://www.chess.com"]

[Event "Titled Tuesday Blitz November 22 Early 2022"]
[White "Vakhlamov, Igor L."]
[Black "Guliev, Logman"]
[WhiteFideId "24126748"]
[BlackFideId "13400061"]
[WhiteElo "2401"]
[BlackElo "2161"]
[Result "1-0"]
[Round "01"]
[TimeControl "180+1"]
[Date "2022.11.23"]
[WhiteClock "0:00:12"]
[BlackClock "0:00:03"]

1. e4 c5 2. Nf3 d6 3. Nc3 Nf6 4. d4 cxd4 5. Qxd4 a6 6. e5 Nc6 7. Qa4 dxe5 8. Nxe5 Bd7 9. Nxd7 Nxd7 10. Be3 g6 11. Rd1 Bg7 12. Be2 O-O 13. O-O Qc8 14. Qh4 Nf6 15. Na4 Qf5 16. Bd3 Qg4 17. Qxg4 Nxg4 18. Bc5 Rad8 19. Rfe1 Rfe8 20. h3 Nf6 21. Nb6 Nd7 22. Nxd7 Rxd7 23. c3 Red8 24. Bc2 e6 25. Kf1 Ne5 26. b3 Nc6 27. c4 Nd4 28. Be4 b5 29. Bxd4 Rxd4 30. Rxd4 Bxd4 31. Rd1 e5 32. Ke2 bxc4 33. bxc4 Rb8 34. Rd2 Kf8 35. Rc2 Bc5 36. Bd5 Ke7 37. g3 f5 38. Rd2 Kd6 39. Bg8+ Bd4 40. Bxh7 Kc5 41. Bxg6 Rf8 42. Rc2 f4 43. g4 Rh8 44. Bh5 e4 45. Bg6 f3+ 46. Kd2 Bxf2 47. Bxe4 Rxh3 48. Rc3 1-0


[Site "https://www.chess.com"]

[Event "Titled Tuesday Blitz November 22 Early 2022"]
[White "Viskelis, Darius"]
[Black "Goltseva, Ekaterina"]
[WhiteFideId "12800830"]
[BlackFideId "24173770"]
[WhiteElo "2025"]
[BlackElo "2200"]
[Result "1/2-1/2"]
[Round "01"]
[TimeControl "180+1"]
[Date "2022.11.23"]
[WhiteClock "0:00:05"]
[BlackClock "0:00:04"]

1. e4 e6 2. d4 d5 3. e5 c5 4. c3 Qa5 5. dxc5 Qc7 6. Nf3 Nc6 7. Bf4 Bxc5 8. Bd3 Nge7 9. Bg3 Nf5 10. Bxf5 exf5 11. Qxd5 Bb6 12. e6 Bxe6 13. Bxc7 Bxd5 14. Bxb6 axb6 15. Na3 Bxf3 16. gxf3 Ne5 17. O-O-O Nxf3 18. Rd3 Ng5 19. Re1+ Ne6 20. Rd6 O-O 21. Rxb6 Rab8 22. Nc4 Rfd8 23. Rd1 Kf8 24. Rxd8+ Nxd8 25. Nd6 g6 26. a4 Ke7 27. a5 Nc6 28. Nc4 Kd7 29. b4 Kc7 30. b5 Ne7 31. Rf6 Rf8 32. Ne5 Nd5 33. Rxf7+ Rxf7 34. Nxf7 Nxc3 35. b6+ Kb8 36. Kc2 Ne4 37. f4 Nc5 38. Kc3 Ne6 39. Ng5 Nxf4 40. Nxh7 Nd5+ 41. Kc4 Ne3+ 42. Kd4 Nc2+ 43. Ke5 Na3 44. Nf8 Nc4+ 45. Kd5 Nxa5 46. Nxg6 Nc6 47. Nf4 Nb4+ 48. Kc4 Nc2 49. h4 Ne3+ 50. Kd4 Ng4 51. h5 Kc8 52. Kd5 Kd7 53. Ne6 Nf6+ 54. Ke5 Nxh5 55. Kxf5 Kc6 56. Nd8+ Kxb6 57. Nxb7 1/2-1/2


[Site "https://www.chess.com"]

[Event "Titled Tuesday Blitz November 22 Early 2022"]
[White "Xiong, Jeffery"]
[Black "Kirillov, Dmitry"]
[WhiteFideId "2047640"]
[BlackFideId "34180572"]
[WhiteElo "2725"]
[BlackElo "2095"]
[Result "1-0"]
[Round "01"]
[TimeControl "180+1"]
[Date "2022.11.22"]
[WhiteClock "0:01:18"]
[BlackClock "0:01:11"]

1. c4 e6 2. Nc3 d5 3. d4 c6 4. e3 f5 5. Nf3 Bd6 6. Bd3 Nf6 7. Qc2 Ne4 8. O-O O-O 9. Ne2 Nd7 10. c5 Bc7 11. b4 g5 12. Bb2 Qf6 13. Nd2 Qh6 14. g3 g4 15. Nf4 Ng5 16. f3 gxf3 17. Nxf3 Ne4 18. b5 Ndf6 19. Ne5 Bd6 20. cxd6 1-0


[Site "https://www.chess.com"]

[Event "Titled Tuesday Blitz November 22 Early 2022"]
[White "Xu, Yi"]
[Black "Yurasova, Daria"]
[WhiteFideId "8605564"]
[BlackFideId "34146919"]
[WhiteElo "2471"]
[BlackElo "2097"]
[Result "1/2-1/2"]
[Round "01"]
[TimeControl "180+1"]
[Date "2022.11.23"]
[WhiteClock "0:00:16"]
[BlackClock "0:00:34"]

1. e4 e5 2. Nf3 Nc6 3. Bb5 a6 4. Ba4 Nf6 5. O-O b5 6. Bb3 Bb7 7. d3 Bc5 8. a4 O-O 9. Nc3 b4 10. Nd5 h6 11. a5 d6 12. Be3 Nd4 13. Nxf6+ Qxf6 14. Bxd4 Bxd4 15. Nxd4 exd4 16. f4 c5 17. Qf3 Rad8 18. Kh1 Qe7 19. Bc4 d5 20. exd5 Qd6 21. Rae1 Bxd5 22. Bxd5 Qxd5 23. Qxd5 Rxd5 24. b3 c4 25. dxc4 Rxa5 26. Ra1 Rxa1 27. Rxa1 Re8 28. Kg1 Re2 29. Rxa6 Rxc2 30. Rd6 Rc3 31. Rd8+ Kh7 32. Rxd4 Rxb3 33. Kf2 Rc3 34. c5 b3 35. Rb4 Rc2+ 36. Kg3 b2 37. h3 Kg6 38. c6 h5 39. c7 Rxc7 40. Rxb2 Kh7 41. Kh4 g6 42. Rb5 Kg7 43. g4 hxg4 44. hxg4 Rc4 45. Kg3 Rc3+ 46. Kg2 Rc2+ 47. Kg3 Rc3+ 48. Kg2 Rc4 49. Kf3 Rc3+ 50. Ke4 Rc4+ 51. Ke3 Ra4 52. Rb3 g5 53. fxg5 Rxg4 54. Rb5 Kg6 55. Kf3 Rxg5 56. Rb3 f6 57. Kf2 Ra5 58. Rg3+ Rg5 59. Ra3 Kf5 60. Ra5+ Kg4 61. Ra4+ Kh5 62. Rf4 f5 63. Ra4 Rg4 64. Rxg4 Kxg4 65. Kg2 Kf4 66. Kf2 Ke4 67. Ke2 Ke5 68. Ke3 Ke6 69. Kf4 Kf6 70. Kf3 Kg6 71. Kf4 Kf6 72. Kf3 Ke5 73. Ke3 f4+ 74. Kf3 Kf5 75. Kf2 Ke5 76. Kf3 Kf5 77. Kf2 Kg5 78. Kf3 Kf5 1/2-1/2


[Site "https://www.chess.com"]

[Event "Titled Tuesday Blitz November 22 Early 2022"]
[White "Yeremyan, Alen"]
[Black "Spalir, Monika"]
[WhiteFideId "13308998"]
[BlackFideId "14609118"]
[WhiteElo "2159"]
[BlackElo "2032"]
[Result "1-0"]
[Round "01"]
[TimeControl "180+1"]
[Date "2022.11.23"]
[WhiteClock "0:00:25"]
[BlackClock "0:00:01"]

1. c4 Nf6 2. Nc3 e5 3. e4 Bb4 4. d3 d6 5. g3 O-O 6. Ne2 Nc6 7. Bg2 a6 8. O-O Bc5 9. Be3 Bxe3 10. fxe3 Rb8 11. Qd2 Ne7 12. Nd5 Nfxd5 13. exd5 c6 14. Nc3 cxd5 15. Nxd5 b5 16. cxb5 axb5 17. Rac1 Bb7 18. Nxe7+ Qxe7 19. Bxb7 Qxb7 20. a3 h6 21. Rc3 Rbc8 22. Qc1 Rxc3 23. Qxc3 Qc8 24. Rc1 Qg4 25. Kf2 f5 26. Qb3+ Kh8 27. Qe6 e4 28. Re1 Qf3+ 29. Kg1 exd3 30. Qxd6 Re8 31. Qxd3 f4 32. Qxb5 Rxe3 33. Rf1 Qg4 34. Qb8+ Kh7 35. Qxf4 Qe2 36. Qf5+ Kh8 37. Qf2 Qd3 38. Rc1 Re2 39. Qf8+ Kh7 40. Rf1 Qe3+ 41. Rf2 1-0


[Site "https://www.chess.com"]

[Event "Titled Tuesday Blitz November 22 Early 2022"]
[White "Yeritsyan, Hayk"]
[Black "Tristan, Leonardo"]
[WhiteFideId "13307320"]
[BlackFideId "113816"]
[WhiteElo "2389"]
[BlackElo "2461"]
[Result "0-1"]
[Round "01"]
[TimeControl "180+1"]
[Date "2022.11.23"]
[WhiteClock "0:00:01"]
[BlackClock "0:01:25"]

1. d4 d5 2. Nf3 Nf6 3. e3 g6 4. Bd3 Bg7 5. Nbd2 O-O 6. c3 b6 7. e4 dxe4 8. Nxe4 Bb7 9. Qe2 Nbd7 10. O-O c5 11. dxc5 Nxe4 12. Bxe4 Bxe4 13. Qxe4 Nxc5 14. Qe2 Qd3 15. Qxd3 Nxd3 16. Rd1 Rfd8 17. Ne1 Nc5 18. Bg5 Na4 19. Bxe7 Rxd1 20. Rxd1 Nxb2 21. Rd7 Bxc3 22. Nd3 Nxd3 23. Rxd3 Rc8 24. Kf1 Rc7 25. Rd8+ Kg7 26. Bf8+ Kf6 27. Rd3 Be5 28. g3 Rc2 29. a3 Ke6 30. Re3 Kd5 31. Rd3+ Ke4 32. Rd7 f5 33. Kg2 Bd4 34. Re7+ Kd3 35. Rd7 Rxf2+ 36. Kg1 Re2+ 37. Kf1 Re4 38. Rxa7 Ke3 39. Rxh7 Kf3 40. Re7 Bc3 41. Rxe4 fxe4 42. Bh6 e3 43. Bg5 e2+ 0-1


[Site "https://www.chess.com"]

[Event "Titled Tuesday Blitz November 22 Early 2022"]
[White "Zaichenko, Daria"]
[Black "Kalashian, David"]
[WhiteFideId "4197453"]
[BlackFideId "13302418"]
[WhiteElo "2039"]
[BlackElo "2490"]
[Result "0-1"]
[Round "01"]
[TimeControl "180+1"]
[Date "2022.11.23"]
[WhiteClock "0:00:15"]
[BlackClock "0:00:20"]

1. e4 c6 2. d4 g6 3. f4 d5 4. e5 h5 5. h3 Nh6 6. Bd3 Bf5 7. Nf3 Bxd3 8. Qxd3 Nf5 9. Ng1 e6 10. Ne2 h4 11. c3 Nd7 12. Nd2 Bh6 13. Nf3 b5 14. a4 a6 15. a5 c5 16. Bd2 c4 17. Qc2 Nb8 18. b4 cxb3 19. Qxb3 Nc6 20. Qa3 Qe7 21. O-O Qxa3 22. Rxa3 Kd7 23. Nc1 Bf8 24. Ra2 Be7 25. Nd3 Rhc8 26. Kf2 Nd8 27. Nfe1 Ng3 28. Nc2 Nxf1 29. Kxf1 Rc7 30. Na1 Rac8 31. Nb3 Nb7 32. Ke2 Rc4 33. Nb2 Rxc3 34. Bxc3 Rxc3 35. Nd2 Ra3 36. Rxa3 Bxa3 37. Nd3 Nxa5 38. Nf3 Be7 39. Kd2 Nc4+ 40. Kc3 Ne3 41. Nde1 a5 42. Kd3 Nc4 43. Kc3 Bb4+ 44. Kb3 Nd2+ 45. Kc2 Nxf3 46. Nxf3 Be7 47. Kb3 Kc6 48. Nd2 a4+ 49. Kb2 b4 50. Nf1 Kb5 51. Ne3 b3 52. Kc3 Bb4+ 53. Kb2 Bd2 54. Ng4 Kb4 55. Nf6 a3+ 0-1


[Site "https://www.chess.com"]

[Event "Titled Tuesday Blitz November 22 Early 2022"]
[White "Zainullina, Nataliya"]
[Black "Mujumdar, Sameer"]
[WhiteFideId "4145488"]
[BlackFideId "2029707"]
[WhiteElo "2102"]
[BlackElo "2104"]
[Result "0-1"]
[Round "01"]
[TimeControl "180+1"]
[Date "2022.11.23"]
[WhiteClock "0:00:07"]
[BlackClock "0:01:14"]

1. Nf3 Nf6 2. c4 e6 3. g3 d5 4. d4 Be7 5. Bg2 O-O 6. O-O c6 7. Nc3 Nbd7 8. Nd2 Re8 9. e4 dxe4 10. Ndxe4 Nxe4 11. Nxe4 Nf6 12. Be3 Nxe4 13. Bxe4 Bf6 14. Qc2 g6 15. Rfd1 Qe7 16. Bg2 Bd7 17. Qb3 b6 18. d5 Rac8 19. d6 Qf8 20. c5 bxc5 21. Rab1 Bd4 22. Bxd4 cxd4 23. Rxd4 c5 24. Rdd1 Red8 25. Qa3 Bc6 26. Bxc6 Rxc6 27. d7 Rc7 28. Qa4 Qe7 29. Rd2 Rcxd7 30. Rxd7 Qxd7 31. Qc4 Qd4 32. Qa6 Qd3 33. Qxd3 Rxd3 34. Rc1 Rd2 35. Rxc5 Rxb2 36. Ra5 Rb7 37. Ra6 Kg7 38. Kg2 h5 39. Kf3 Kf6 40. h4 Kf5 41. Ra5+ e5 42. Ra6 f6 43. Ra5 g5 44. hxg5 fxg5 45. Ra6 h4 46. gxh4 gxh4 47. Kg2 Rh7 48. Kh3 Kf4 49. Ra3 e4 50. Kg2 h3+ 51. Kh2 Kg4 52. Rg3+ Kf4 53. Ra3 Ke5 54. Ra4 Kf5 55. Ra3 Kf4 56. Ra4 Kf3 57. Kg1 h2+ 58. Kh1 Kxf2 59. Rxe4 Kg3 60. Re3+ Kf4 61. Ra3 Ke4 62. Rc3 Kd4 63. Ra3 Kc4 64. Ra6 Kc3 65. Ra5 Kb2 66. Ra6 Rh3 67. Ra5 Ra3 68. Rxa3 Kxa3 69. Kxh2 Kxa2 70. Kg2 a5 71. Kf3 a4 72. Ke2 a3 73. Kd2 Kb2 74. Kd3 a2 75. Kc4 a1=Q 76. Kb4 Qa3+ 77. Kc4 0-1


[Site "https://www.chess.com"]

[Event "Titled Tuesday Blitz November 22 Early 2022"]
[White "Zaksaite, Salomeja"]
[Black "Janaszak, Dawid"]
[WhiteFideId "12801496"]
[BlackFideId "1119206"]
[WhiteElo "2079"]
[BlackElo "2226"]
[Result "0-1"]
[Round "01"]
[TimeControl "180+1"]
[Date "2022.11.23"]
[WhiteClock "0:00:01"]
[BlackClock "0:01:30"]

1. e4 c5 2. Nf3 e6 3. g3 b6 4. Bg2 Bb7 5. Nc3 d6 6. d4 cxd4 7. Nxd4 Nd7 8. O-O Be7 9. Re1 Rb8 10. Ndb5 Ne5 11. Nxa7 Nf6 12. Nab5 O-O 13. b3 Qd7 14. a4 Rfd8 15. Ba3 Bc6 16. Qd2 Qb7 17. Nd4 Be8 18. f4 Ng6 19. e5 Nd5 20. Nxd5 exd5 21. exd6 Bxd6 22. Rxe8+ Rxe8 23. Bxd6 Rbd8 24. Nf5 Qc8 25. Bh3 Qc6 26. Qd4 f6 27. Bg2 Qxc2 28. Qxd5+ Kh8 29. Nd4 Qc3 30. Rd1 Ne7 31. Qf3 Qxf3 32. Nxf3 Nf5 33. Rc1 Rxd6 34. g4 Ne3 0-1


[Site "https://www.chess.com"]

[Event "Titled Tuesday Blitz November 22 Early 2022"]
[White "Zanette, Edgard Vinicius"]
[Black "Krysa, Leandro"]
[WhiteFideId "2109263"]
[BlackFideId "116807"]
[WhiteElo "2211"]
[BlackElo "2485"]
[Result "0-1"]
[Round "01"]
[TimeControl "180+1"]
[Date "2022.11.23"]
[WhiteClock "0:00:02"]
[BlackClock "0:00:09"]

1. e4 e5 2. Nf3 Nc6 3. Bb5 Nf6 4. d3 Bc5 5. c3 d6 6. O-O O-O 7. Nbd2 Ne7 8. d4 exd4 9. cxd4 Bb6 10. Bd3 Ng6 11. Nc4 Re8 12. Nxb6 axb6 13. Qc2 Bg4 14. Ne1 c5 15. f3 Bd7 16. dxc5 bxc5 17. Bd2 Rc8 18. b3 d5 19. exd5 Nxd5 20. Bxg6 hxg6 21. Nd3 Qf6 22. Nf2 Bf5 23. Ne4 Qd4+ 24. Kh1 Bxe4 25. fxe4 Qxe4 26. Qxe4 Rxe4 27. Rfe1 f5 28. Rxe4 fxe4 29. Re1 Re8 30. Kg1 Kf7 31. Kf2 Kf6 32. Ke2 Ra8 33. a4 Rc8 34. Rf1+ Ke6 35. Rc1 b6 36. Rc4 Ke5 37. b4 Nf6 38. bxc5 bxc5 39. Be3 Kd5 40. Rc1 Nd7 41. Rd1+ Kc6 42. Bf4 Nb6 43. Rd6+ Kb7 44. a5 Nc4 45. Rxg6 Nxa5 46. Rxg7+ Kc6 47. Bd2 Nc4 48. Re7 Kd5 49. h4 Ra8 50. Bg5 Ra2+ 51. Kf1 Kd4 52. Kg1 e3 53. Bxe3+ Nxe3 54. Rg7 c4 55. h5 c3 56. h6 c2 57. Rc7 Nc4 58. h7 c1=Q+ 59. Kh2 Qf4+ 60. Kh3 Ra3+ 61. g3 Rxg3+ 0-1


[Site "https://www.chess.com"]

[Event "Titled Tuesday Blitz November 22 Early 2022"]
[White "Zemlyanskii, Ivan"]
[Black "Khamdamova, Afruza"]
[WhiteFideId "24249971"]
[BlackFideId "14210444"]
[WhiteElo "2107"]
[BlackElo "2018"]
[Result "1-0"]
[Round "01"]
[TimeControl "180+1"]
[Date "2022.11.23"]
[WhiteClock "0:02:25"]
[BlackClock "0:00:22"]

1. d4 Nf6 2. c4 e6 3. Nf3 d5 4. g3 dxc4 5. Bg2 c5 6. O-O Nc6 7. Qa4 Bd7 8. Qxc4 b5 9. Qd3 c4 10. Qc2 Be7 11. a4 Nb4 12. Qd1 a6 13. Ne5 Nbd5 14. Nxd7 Nxd7 15. Nc3 Nxc3 16. bxc3 Rb8 17. Bf4 Rc8 18. Bb7 O-O 19. axb5 axb5 20. Bxc8 Qxc8 21. Ra7 Qe8 22. Qb1 Nf6 23. e4 Bd8 24. Bd6 Bb6 25. Ra6 1-0


[Site "https://www.chess.com"]

[Event "Titled Tuesday Blitz November 22 Early 2022"]
[White "Zierk, Steven"]
[Black "Vlassov, Nikolai"]
[WhiteFideId "2034255"]
[BlackFideId "4103360"]
[WhiteElo "2494"]
[BlackElo "2324"]
[Result "0-1"]
[Round "01"]
[TimeControl "180+1"]
[Date "2022.11.22"]
[WhiteClock "0:00:25"]
[BlackClock "0:00:21"]

1. e4 Nc6 2. d4 d5 3. Nc3 Nf6 4. e5 Nd7 5. Nxd5 Ndb8 6. Ne3 Qxd4 7. Qxd4 Nxd4 8. f4 c6 9. Bd3 g6 10. Ne2 Nxe2 11. Kxe2 Bg7 12. a4 Nd7 13. a5 Nc5 14. Bc4 Be6 15. Bd2 O-O-O 16. Rhd1 Rhe8 17. g3 f6 18. Bb4 Bxc4+ 19. Nxc4 Na6 20. Rxd8+ Kxd8 21. Bc3 fxe5 22. Bxe5 Bf6 23. Kf3 Nb4 24. Rd1+ Nd5 25. Ne3 Bxe5 26. fxe5 Rf8+ 27. Ke2 Kc7 28. Nxd5+ cxd5 29. Rxd5 Rf5 30. c4 Kc6 31. b4 a6 32. Ke3 Rf1 33. Rd4 Rb1 34. c5 Rb2 35. h3 g5 36. Kf3 h5 37. h4 Rb3+ 38. Kf2 g4 39. e6 Rf3+ 40. Kg2 Re3 41. Rf4 Re2+ 42. Kf1 Rxe6 43. Rf5 Rf6 44. Rxf6+ exf6 45. Ke2 Kb5 46. Ke3 Kxb4 47. Kf4 Kxc5 48. Kf5 b5 49. Kg6 b4 50. Kxh5 b3 51. Kg6 b2 52. h5 b1=Q+ 53. Kg7 Qb7+ 54. Kg6 Qe4+ 55. Kxf6 Qh7 0-1


[Site "https://www.chess.com"]